 Dungeon Crawl Stone Soup version 0.22.1-2-g9c5b331 (webtiles) character file.

19 MalarOregon the Chiller (level 2, 0/20 HPs)
             Began as a Merfolk Ice Elementalist on Nov 15, 2018.
             Slain by a kobold
             ... wielding a +0 club
              (4 damage)
             ... on level 1 of the Dungeon.
             The game lasted 00:02:31 (662 turns).

MalarOregon the Chiller (Merfolk Ice Elementalist)   Turns: 662, Time: 00:02:32

Health: 0/20       AC:  2    Str:  8    XL:     2   Next: 75%
Magic:  0/5        EV: 13    Int: 14    God:
Gold:   34         SH:  0    Dex: 14    Spells: 2/5 levels left

rFire    . . .     SeeInvis .   (no weapon)
rCold    . . .     Gourm    .   (no shield)
rNeg     . . .     Faith    .   a - +0 robe
rPois    .         Spirit   .   (no helmet)
rElec    .         Reflect  .   (no cloak)
rCorr    .         Harm     .   (no gloves)
MR       .....                  (no boots)
Stlth    ++........             (no amulet)
HPRegen  0.06/turn              (no ring)
MPRegen  0.09/turn              (no ring)

@: very slightly contaminated
A: change form in water, swift swim, stealthy swim
a: no special abilities


You were on level 1 of the Dungeon.
You were not hungry.

You visited 1 branch of the dungeon, and saw 1 of its levels.

You collected 34 gold pieces.

Inventory:

Armour
 a - a +0 robe (worn)
Scrolls
 g - a scroll of fear {unknown}
 j - a scroll of fog {unknown}
Potions
 b - a potion of invisibility {unknown}
 f - a potion of magic {unknown}
 h - a potion of curing {unknown}
 i - a potion of brilliance {unknown}
Comestibles
 d - 2 chunks of flesh
 e - a ration {!d}


   Skills:
 + Level 0.5 Fighting
 + Level 2.9 Dodging
 + Level 2.3 Stealth
 * Level 2.3 Spellcasting
 * Level 0.8 Conjurations
 * Level 3.5 Ice Magic


You had 2 spell levels left.
You knew the following spells:

 Your Spells              Type           Power        Failure   Level  Hunger
a - Freeze                Ice            ##..         5%          1    #......
x - Throw Frost           Conj/Ice       #.....       14%         2    ###....

Your spell library contained the following spells:

 Spells                   Type           Power        Failure   Level  Hunger
 Ozocubu's Armour         Chrm/Ice       #.......     32%         3    ###....
 Throw Icicle             Conj/Ice       #.......     67%         4    #####..
 Summon Ice Beast         Ice/Summ       #.......     73%         4    #####..


Dungeon Overview and Level Annotations

Branches:
Dungeon (1/15)

Altars:


Message History

The kobold throws a stone.
The stone barely misses you.
Aim: a rat You freeze the rat.
The bat hits you but does no damage. The rat bites you but does no damage.
The goblin hits you with a club. The bat hits you but does no damage.
The bat barely misses you. The rat barely misses you.
The rat barely misses you. The rat bites you. The bat barely misses you.
The bat barely misses you. The bat closely misses you.
Aim: a bat You freeze the bat.
You kill the bat!
The rat closely misses you.
You don't have enough magic to cast that spell.
Unknown command.
You hit the rat.
You kill the rat!
The goblin hits you but does no damage.
You see here a rat corpse.
You barely miss the goblin. The goblin hits you with a club.
You hit the goblin but do no damage. The goblin hits you with a club.
You barely miss the goblin. The goblin hits you with a club.
* * * LOW HITPOINT WARNING * * *
You hit the goblin. The goblin closely misses you.
You completely miss the goblin. The goblin barely misses you.
You hit the goblin but do no damage. The goblin hits you but does no damage.
You hit the goblin. The goblin hits you with a club.
* * * LOW HITPOINT WARNING * * *
You barely miss the goblin. The goblin misses you.
You closely miss the goblin. The goblin hits you with a club.
* * * LOW HITPOINT WARNING * * *
Aim: a goblin, wielding a club (severely wounded)
You miscast Freeze.
You are very lightly contaminated with residual magic.
You hear a crackling sound.
Unknown command.
Aim: a goblin, wielding a club (severely wounded)
You miscast Freeze.
A chill runs through your body. The goblin hits you with a club.
* * * LOW HITPOINT WARNING * * *
You don't have enough magic to cast that spell.
You hit the goblin.
You kill the goblin!
As you read the scroll labeled DADAMYNIEWK, it crumbles to dust.
It is a scroll of amnesia.
Okay, then.
The kobold hits you with a club.
You die...

#.........# #.........#
#.........#
###########.........#
####.).................#
#########....#########.........#
.................# #.........#
######...######### #.........#
...(..........gK@# ######÷####
.......########### #####.)#
..###### #......# (......#
#.....## .......#
....#######.....# .........
..≈.............# #........
##≈≈≈..#..##.....# #.#.....?
#≈≈≈..##.........#
#.......###≈≈...##.###.....#####


You could see a goblin and a kobold.

Vanquished Creatures
  A giant cockroach (D:1)
  3 goblins (D:1)
  A hobgoblin (D:1)
  4 jackals (D:1)
  3 bats (D:1)
  A frilled lizard (D:1)
  4 kobolds (D:1)
  A rat (D:1)
18 creatures vanquished.

Notes
Turn   | Place    | Note
-------+----------+-------------------------------------------
     0 | D:1      | MalarOregon the Merfolk Ice Elementalist began the quest
                  | for the Orb.
     0 | D:1      | Reached XP level 1. HP: 13/13 MP: 3/3
   149 | D:1      | Reached XP level 2. HP: 7/20 MP: 0/5
   599 | D:1      | Learned a level 2 spell: Throw Frost
   662 | D:1      | Slain by a kobold

Action                   || total
-------------------------++-------
Melee: Unarmed           ||    36
 Cast: Freeze            ||    28
  Use: Scroll            ||     1
Armor: Robe              ||    17
Dodge: Dodged            ||    55
